AoeStats
← tomasekh007

Arabia

508691982Analyzed
1v1 RM · 8d ago on Sep 23, 2026· 47m 29s· 2 players
Game mode
Random Map
Map size
Tiny (2 player)
Population
200
Speed
Normal
Resources
Standard
Victory
Conquest
Starting age
Dark Age
Ending age
Imperial Age
RankedLock teamsTeams togetherTeam positionsShared explorationLock speedFull tech treeHidden civsTurbo modeCheats
Victory
Defeat
🇧🇷 Franks · Brazil
688
+14
🇨🇿 Franks · Czechia
639
-14
dompedro88
7:06 Loom
11:57 Feudal Age
14:50 Double-Bit Axe
17:13 Castle Age
16:12 Man-at-Arms
17:53 Forging
18:43 Scale Barding Armor
18:43 Scale Mail Armor
20:05 Wheelbarrow
19:16 Town Watch
22:47 Husbandry
25:46 Scale Barding Armor
26:35 Bow Saw
29:51 Gold Mining
29:53 Stone Mining
30:56 Hand Cart
35:28 Imperial Age
36:17 Elite Skirmisher
36:21 Pikeman
36:47 Gambesons
37:02 Squires
36:48 Arson
38:26 Halberdier
39:35 Ballistics
39:14 Murder Holes
41:20 Iron Casting
41:00 Chain Mail Armor
40:36 Fletching
43:51 Conscription
46:33 Town Patrol
tomasekh007
11:47 Feudal Age
13:07 Wheelbarrow
11:56 Man-at-Arms
13:47 Double-Bit Axe
21:52 Castle Age
21:19 Scale Barding Armor
22:25 Gold Mining
22:50 Bow Saw
32:09 Chain Barding Armor
41:57 Imperial Age
43:10 Fletching
43:26 Padded Archer Armor
44:33 Plate Barding Armor
43:23 Cavalier
44:59 Bodkin Arrow
Connection lost

Rejoining the realm…

Still unreachable

The connection could not be restored.

Session expired

The server has moved on; the page needs a fresh start.